[Event "DVM U14 2024"]
[Site "Heidelberg"]
[Date "2024.12.28"]
[Round "3"]
[White "Pflug, Anton"]
[Black "Ahryzkov, Ivan"]
[Result "0-1"]
[ECO "B79"]
[WhiteElo "1812"]
[BlackElo "1813"]
[Annotator "NA RC"]
[PlyCount "120"]
[EventDate "2024.12.23"]
[EventType "team-tourn"]
[EventRounds "7"]
[EventCountry "GER"]
[SourceTitle "playchess.com"]
[Source "ChessBase"]
[SourceQuality "1"]
[TimeControl "40/5400+30:1800+30"]

1. e4 c5 2. Nf3 d6 3. d4 cxd4 4. Nxd4 Nf6 5. Nc3 g6 6. Be3 Bg7 7. f3 O-O 8. Bc4 Nc6 9. Bb3 Bd7 10. Qd2 Qa5 11. O-O-O Rfc8 12. h4 Ne5 13. h5 b5 14. hxg6 hxg6 15. Bh6 Bh8 16. Bg5 Bg7 17. f4 Nc4 18. Bxc4 Rxc4 19. Nb3 Qc7 20. Bxf6 Bxf6 21. Nd5 Qc8 22. e5 dxe5 23. fxe5 Rxc2+ 24. Qxc2 Bg5+ 25. Nd2 Bf5 26. Qc4 Rb8 27. Qxc8+ Rxc8+ 28. Nc3 b4 29. g4 Bxg4 30. Rdg1 bxc3 31. bxc3 Bf3 32. Rh3 Rxc3+ 33. Kb2 Bxd2 34. Rgg3 Bg4 35. Rxc3 Bxh3 36. Rxh3 Bf4 37. e6 f5 38. Kb3 Kg7 39. Kc4 Bc7 40. Ra3 Bb6 41. Rf3 Kf6 42. Kd5 g5 43. Rh3 Bc7 44. Ra3 Bb6 45. Rh3 Bc7 46. Ra3 Bb8 47. Rb3 Bd6 48. a4 g4 49. a5 g3 50. Rb2 f4 51. Ke4 Kxe6 52. a6 Kf6 53. Kf3 Kf5 54. Rb7 e5 55. Rb5 Ke6 56. Ra5 Kf6 57. Rb5 e4+ 58. Kxe4 g2 59. Rb1 Bc5 60. Kxf4 g1=Q 0-1

[Event "DVM U14 2024"]
[Site "Heidelberg"]
[Date "2024.12.28"]
[Round "3"]
[White "Ollhoff, Hannes"]
[Black "Li, Yunqi"]
[Result "1/2-1/2"]
[ECO "D02"]
[WhiteElo "1801"]
[BlackElo "1990"]
[Annotator "NA RC"]
[PlyCount "66"]
[EventDate "2024.12.23"]
[EventType "team-tourn"]
[EventRounds "7"]
[EventCountry "GER"]
[SourceTitle "playchess.com"]
[Source "ChessBase"]
[SourceQuality "1"]
[TimeControl "40/5400+30:1800+30"]

1. d4 Nf6 2. Nf3 d5 3. c3 c5 4. dxc5 Nc6 5. b4 e6 6. Be3 Bd7 7. Nbd2 Be7 8. g3 Ng4 9. Bd4 e5 10. b5 Nxd4 11. cxd4 exd4 12. Nb3 Bxb5 13. Nfxd4 Bc4 14. Qd2 O-O 15. Bh3 Ne5 16. O-O Bf6 17. Rab1 Nc6 18. Nxc6 bxc6 19. Bf5 Qe7 20. Bd3 Bxb3 21. Rxb3 Qxc5 22. Rc1 Qd6 23. Qc2 g6 24. Qxc6 Qxc6 25. Rxc6 Bd4 26. e3 Bb6 27. Rbc3 d4 28. exd4 Bxd4 29. Rc2 Kg7 30. Rd6 Rad8 31. Rxd8 Rxd8 32. Bc4 Bb6 33. Bb3 Rd7 1/2-1/2

[Event "DVM U14 2024"]
[Site "Heidelberg"]
[Date "2024.12.28"]
[Round "3"]
[White "Fridlin, Daniel"]
[Black "Tran, Felix K H"]
[Result "1-0"]
[ECO "B13"]
[WhiteElo "1789"]
[BlackElo "1560"]
[Annotator "NA RC"]
[PlyCount "172"]
[EventDate "2024.12.23"]
[EventType "team-tourn"]
[EventRounds "7"]
[EventCountry "GER"]
[SourceTitle "playchess.com"]
[Source "ChessBase"]
[SourceQuality "1"]
[TimeControl "40/5400+30:1800+30"]

1. e4 c6 2. d4 d5 3. exd5 cxd5 4. Bd3 Nc6 5. c3 e5 6. dxe5 Nxe5 7. h3 Bd6 8. Bb5+ Bd7 9. Qxd5 Bc6 10. Bxc6+ bxc6 11. Qd1 Nf6 12. Nf3 Nxf3+ 13. Qxf3 Qc7 14. O-O O-O 15. Bg5 Nd7 16. Nd2 Rab8 17. b3 h6 18. Be3 Rfe8 19. Rfe1 Re7 20. Bd4 Rbe8 21. Rxe7 Rxe7 22. Ne4 Be5 23. Rd1 Bxd4 24. Rxd4 c5 25. Rd1 Qe5 26. Nd6 Qf6 27. Qd3 Ne5 28. Qc2 Rd7 29. Ne4 Rxd1+ 30. Qxd1 Qc6 31. Qe2 f5 32. Ng3 Qf6 33. f4 Ng6 34. Qc4+ Kh7 35. Qxc5 Nxf4 36. Kh2 Kg6 37. Qe3 Ne6 38. c4 f4 39. Qd3+ Kf7 40. Ne4 Qg6 41. Nd6+ Kf6 42. Qc3+ Ke7 43. Nc8+ Ke8 44. Nxa7 Qf7 45. Nb5 Qh5 46. Nd6+ Kd7 47. Ne4 Qe2 48. Nd2 g5 49. c5 Kc6 50. b4 h5 51. a4 g4 52. b5+ Kb7 53. c6+ Kc8 54. hxg4 hxg4 55. Qh8+ Kc7 56. Qh7+ Kb6 57. Ne4 f3 58. a5+ Kxa5 59. Qa7+ Kb4 60. Nf2 Qe5+ 61. g3 Qe2 62. Qe7+ Kxb5 63. Qb7+ Kc5 64. Qa7+ Kd6 65. Qb6 Nc5 66. c7+ Kd5 67. Qxc5+ Kxc5 68. c8=Q+ Kd4 69. Qd7+ Kc3 70. Qg7+ Kd2 71. Qb2+ Ke3 72. Qb6+ Kd2 73. Qc5 Qe3 74. Qxe3+ Kxe3 75. Nxg4+ Ke2 76. Kh3 Kd3 77. Ne5+ Ke4 78. Nxf3 Kxf3 79. Kh4 Ke4 80. g4 Ke5 81. Kh5 Kf6 82. Kh6 Kf7 83. g5 Kg8 84. Kg6 Kf8 85. Kh7 Kf7 86. g6+ Ke8 1-0

[Event "DVM U14 2024"]
[Site "Heidelberg"]
[Date "2024.12.28"]
[Round "3"]
[White "Botschek, Marius"]
[Black "Mueller, Maximilian"]
[Result "1-0"]
[ECO "B17"]
[WhiteElo "1788"]
[BlackElo "1679"]
[Annotator "NA RC"]
[PlyCount "91"]
[EventDate "2024.12.23"]
[EventType "team-tourn"]
[EventRounds "7"]
[EventCountry "GER"]
[SourceTitle "playchess.com"]
[Source "ChessBase"]
[SourceQuality "1"]
[TimeControl "40/5400+30:1800+30"]

1. e4 c6 2. Nc3 d5 3. Nf3 dxe4 4. Nxe4 Bg4 5. h3 Bxf3 6. Qxf3 e6 7. c3 Nd7 8. d4 Ngf6 9. Nxf6+ Nxf6 10. Bd3 Be7 11. O-O O-O 12. Bf4 Qb6 13. Rab1 Rad8 14. Rfd1 Nd5 15. Qe4 Nf6 16. Qf3 Nd5 17. Qe4 Nf6 18. Qe2 Rd7 19. b4 Nd5 20. Bd2 Qd8 21. a4 Re8 22. Bc2 Bd6 23. b5 c5 24. dxc5 Bxc5 25. c4 Nf6 26. Be3 Qc7 27. Bxc5 Rxd1+ 28. Rxd1 Qxc5 29. Qd3 g6 30. Qd4 Qxd4 31. Rxd4 Rc8 32. a5 Kf8 33. Bb3 Ke7 34. Kf1 Rc5 35. Rd1 Ne8 36. Ke2 e5 37. Kd3 f5 38. Kc3 Nd6 39. Kb4 Rc8 40. Rd5 e4 41. c5 Nf7 42. Bc4 Rd8 43. Rxd8 Nxd8 44. Bd5 g5 45. Kc4 h5 46. Kd4 1-0

[Event "DVM U14 2024"]
[Site "Heidelberg"]
[Date "2024.12.28"]
[Round "3"]
[White "Meijers, Janis"]
[Black "Mandalka, Justus"]
[Result "0-1"]
[ECO "D40"]
[WhiteElo "1783"]
[BlackElo "2059"]
[Annotator "NA RC"]
[PlyCount "96"]
[EventDate "2024.12.23"]
[EventType "team-tourn"]
[EventRounds "7"]
[EventCountry "GER"]
[SourceTitle "playchess.com"]
[Source "ChessBase"]
[SourceQuality "1"]
[TimeControl "40/5400+30:1800+30"]

1. d4 d5 2. c4 e6 3. Nc3 c5 4. e3 Nf6 5. Nf3 Nc6 6. a3 a6 7. dxc5 Bxc5 8. b4 Ba7 9. Bb2 O-O 10. cxd5 exd5 11. Bd3 d4 12. exd4 Re8+ 13. Ne2 Bg4 14. O-O Bxf3 15. gxf3 Qd5 16. Nc3 Qh5 17. Ne4 Rxe4 18. Bxe4 Bb8 19. Re1 Bxh2+ 20. Kg2 Bf4 21. Rh1 Qg5+ 22. Kf1 h5 23. Bc1 Rd8 24. Bxf4 Qxf4 25. Qc1 Qd6 26. Bxc6 bxc6 27. Rh4 Qd5 28. Qc3 Qb5+ 29. Kg2 Qg5+ 30. Kh3 Nd5 31. Qc1 Qf5+ 32. Kg2 Rd6 33. Qh1 Rg6+ 34. Kh2 Qf6 35. Rh3 Qd6+ 36. Rg3 h4 37. Qe1 hxg3+ 38. fxg3 Ne3 39. Rc1 Rh6+ 40. Kg1 Qxd4 41. Qf2 Nf5 42. Qxd4 Nxd4 43. Kg2 Re6 44. Rc4 Re2+ 45. Kf1 Rd2 46. Rc3 g6 47. g4 Ra2 48. Kg1 Ne2+ 0-1

[Event "DVM U14 2024"]
[Site "Heidelberg"]
[Date "2024.12.28"]
[Round "3"]
[White "Ramming, Moritz"]
[Black "Geschke, David"]
[Result "1-0"]
[ECO "C56"]
[WhiteElo "1769"]
[BlackElo "1831"]
[Annotator "NA RC"]
[PlyCount "111"]
[EventDate "2024.12.23"]
[EventType "team-tourn"]
[EventRounds "7"]
[EventCountry "GER"]
[SourceTitle "playchess.com"]
[Source "ChessBase"]
[SourceQuality "1"]
[TimeControl "40/5400+30:1800+30"]

1. e4 e5 2. Nf3 Nc6 3. d4 exd4 4. Bc4 Nf6 5. e5 d5 6. Bb5 Ne4 7. Nxd4 Bd7 8. Bxc6 bxc6 9. O-O Bc5 10. f3 Ng5 11. Be3 O-O 12. f4 Ne4 13. Nd2 Nxd2 14. Qxd2 Bb6 15. Nb3 Qe7 16. Qf2 f6 17. Bc5 Bxc5 18. Qxc5 Qxc5+ 19. Nxc5 Bf5 20. e6 Rfe8 21. Rfe1 Rab8 22. Rab1 Bxc2 23. Rbc1 Bf5 24. Na6 Rxb2 25. Nxc7 Re7 26. Nxd5 Rxe6 27. Ne7+ Kf7 28. Nxf5 Rxa2 29. Rxe6 Kxe6 30. Nd4+ Kd5 31. Nxc6 a5 32. Na7 Ke4 33. g3 Kd3 34. Nc6 Kd2 35. Rc5 a4 36. Nd4 a3 37. Nb5 Ra1+ 38. Kg2 a2 39. Nd4 Rg1+ 40. Kh3 a1=Q 41. Nb3+ Ke3 42. Nxa1 Rxa1 43. Rc7 g6 44. Rxh7 Ke4 45. Kg4 Ra5 46. Re7+ Kd5 47. Rg7 Ke6 48. Rxg6 Kf7 49. Rh6 Kg7 50. Rh5 Ra4 51. Rc5 Kg6 52. h4 Ra6 53. h5+ Kh6 54. Rc7 Rb6 55. Rf7 Re6 56. Kf5 1-0

[Event "DVM U14 2024"]
[Site "Heidelberg"]
[Date "2024.12.28"]
[Round "3"]
[White "Kommessin, Felix"]
[Black "Hempel, Lorenz"]
[Result "0-1"]
[ECO "B21"]
[WhiteElo "1757"]
[BlackElo "1960"]
[Annotator "NA RC"]
[PlyCount "68"]
[EventDate "2024.12.23"]
[EventType "team-tourn"]
[EventRounds "7"]
[EventCountry "GER"]
[SourceTitle "playchess.com"]
[Source "ChessBase"]
[SourceQuality "1"]
[TimeControl "40/5400+30:1800+30"]

1. e4 c5 2. d4 cxd4 3. c3 dxc3 4. Nxc3 Nc6 5. Nf3 e6 6. Bc4 a6 7. O-O b5 8. Bd3 Bb7 9. Qe2 Rc8 10. Bg5 Be7 11. Bf4 Nb4 12. Bb1 d6 13. Rd1 Qc7 14. a3 Nc6 15. Ba2 Nf6 16. Rac1 O-O 17. Nd5 exd5 18. exd5 Nxd5 19. Bxd5 Qd7 20. Bxc6 Rxc6 21. Ne5 Qe6 22. Nxc6 Qxe2 23. Re1 Qxe1+ 24. Rxe1 Bf6 25. Bxd6 Bxc6 26. Bxf8 Kxf8 27. Rc1 Bd5 28. Rd1 Bb3 29. Rd3 Bc4 30. Rd6 Bxb2 31. Rxa6 Bb3 32. Rd6 Ke7 33. Rd3 Bc4 34. Re3+ Kd6 0-1

[Event "DVM U14 2024"]
[Site "Heidelberg"]
[Date "2024.12.28"]
[Round "3"]
[White "Muller, Anker"]
[Black "Steinbrenner, Peter"]
[Result "1-0"]
[ECO "B40"]
[WhiteElo "1744"]
[BlackElo "1946"]
[Annotator "NA RC"]
[PlyCount "109"]
[EventDate "2024.12.23"]
[EventType "team-tourn"]
[EventRounds "7"]
[EventCountry "GER"]
[SourceTitle "playchess.com"]
[Source "ChessBase"]
[SourceQuality "1"]
[TimeControl "40/5400+30:1800+30"]

1. e4 c5 2. b3 Nc6 3. Bb2 e6 4. Nf3 d5 5. exd5 exd5 6. Bb5 Nf6 7. Qe2+ Be6 8. O-O Bd6 9. d4 O-O 10. dxc5 Bxc5 11. Nc3 Bg4 12. Bxc6 bxc6 13. Qd3 Re8 14. Na4 Bd6 15. Rfe1 Ne4 16. Qd4 f6 17. Qd3 Kh8 18. Nd4 Qc7 19. g3 Ng5 20. h4 Nf7 21. Qc3 Bd7 22. Nc5 Be5 23. Qd3 Nd6 24. c3 Nb7 25. Nxd7 Qxd7 26. Qa6 Nc5 27. Qxc6 Qxc6 28. Nxc6 Nd3 29. Re2 Bxg3 30. Rxe8+ Rxe8 31. fxg3 Nxb2 32. Nb4 Re3 33. Nxd5 Rxg3+ 34. Kf2 Rh3 35. Nb4 Nd3+ 36. Nxd3 Rxd3 37. c4 g5 38. hxg5 fxg5 39. Ke2 Rd8 40. Kf3 Kg7 41. Re1 Kf6 42. c5 h5 43. Re3 g4+ 44. Kf4 Rd4+ 45. Kg3 Rd5 46. Rc3 Kg5 47. c6 h4+ 48. Kg2 Rd8 49. b4 Rd2+ 50. Kg1 Rd1+ 51. Kf2 g3+ 52. Kf3 Rd2 53. c7 g2 54. c8=Q g1=Q 55. Qg8+ 1-0

[Event "DVM U14 2024"]
[Site "Heidelberg"]
[Date "2024.12.28"]
[Round "3"]
[White "Dersewski, Jonas"]
[Black "Zielke, Constantin"]
[Result "0-1"]
[ECO "C54"]
[WhiteElo "1738"]
[BlackElo "1543"]
[Annotator "NA RC"]
[PlyCount "90"]
[EventDate "2024.12.23"]
[EventType "team-tourn"]
[EventRounds "7"]
[EventCountry "GER"]
[SourceTitle "playchess.com"]
[Source "ChessBase"]
[SourceQuality "1"]
[TimeControl "40/5400+30:1800+30"]

1. e4 e5 2. Nf3 Nc6 3. Bc4 Bc5 4. c3 Nf6 5. d3 d6 6. a4 a5 7. O-O Bg4 8. Be3 Bxe3 9. fxe3 O-O 10. h3 Bh5 11. g4 Bg6 12. Nbd2 d5 13. exd5 Nxd5 14. Qe2 Nb6 15. e4 Nxc4 16. Nxc4 Re8 17. Rad1 Qd7 18. Ne3 Nd8 19. Nc4 f6 20. Qc2 Qc6 21. Ne3 Ne6 22. Ng2 Rad8 23. Nfh4 Bf7 24. Nf5 Ng5 25. Kh2 Qb6 26. Qe2 Bb3 27. Ra1 Qc6 28. Ra3 Bxa4 29. Rfa1 Bb5 30. c4 Ba6 31. Rxa5 Ne6 32. b4 g6 33. b5 Bxb5 34. cxb5 Qc3 35. R1a3 Qb4 36. Nfe3 Nd4 37. Qa2+ Kh8 38. Nd5 Qd6 39. Qc4 Rc8 40. Ra2 f5 41. gxf5 gxf5 42. Rf2 Rg8 43. Nge3 Qg6 44. Ng2 Nf3+ 45. Kh1 Qg3 0-1

[Event "DVM U14 2024"]
[Site "Heidelberg"]
[Date "2024.12.28"]
[Round "3"]
[White "Gorbatschow, Bogdan"]
[Black "Scharff, Oskar"]
[Result "1/2-1/2"]
[ECO "C56"]
[WhiteElo "1728"]
[BlackElo "1583"]
[Annotator "NA RC"]
[PlyCount "78"]
[EventDate "2024.12.23"]
[EventType "team-tourn"]
[EventRounds "7"]
[EventCountry "GER"]
[SourceTitle "playchess.com"]
[Source "ChessBase"]
[SourceQuality "1"]
[TimeControl "40/5400+30:1800+30"]

1. e4 e5 2. Nf3 Nc6 3. d4 exd4 4. Bc4 Nf6 5. Ng5 Ne5 6. Qxd4 Qe7 7. Nc3 Qc5 8. Qxc5 Bxc5 9. Bb3 h6 10. Nf3 Nxf3+ 11. gxf3 d6 12. Rg1 g6 13. Be3 Bxe3 14. fxe3 Ke7 15. Nb5 c6 16. Nd4 Nd7 17. a3 Ne5 18. Rg3 Rg8 19. O-O-O h5 20. h4 Bd7 21. Rf1 Be6 22. Bxe6 fxe6 23. Ne2 Raf8 24. Ng1 Ng4 25. Re1 Ne5 26. Rf1 Ng4 27. Kd2 Rf6 28. Nh3 Rgf8 29. Ke2 Ne5 30. b3 Nf7 31. Nf4 Ne5 32. Rfg1 Kf7 33. Nh3 Kg7 34. Ng5 Nf7 35. Nxf7 R8xf7 36. f4 Kh7 37. c4 e5 38. fxe5 dxe5 39. R1g2 Re7 1/2-1/2

[Event "DVM U14 2024"]
[Site "Heidelberg"]
[Date "2024.12.28"]
[Round "3"]
[White "Ensslen, Jakob"]
[Black "Faerber, Anna"]
[Result "1/2-1/2"]
[ECO "C01"]
[WhiteElo "1714"]
[BlackElo "1698"]
[Annotator "NA RC"]
[PlyCount "52"]
[EventDate "2024.12.23"]
[EventType "team-tourn"]
[EventRounds "7"]
[EventCountry "GER"]
[SourceTitle "playchess.com"]
[Source "ChessBase"]
[SourceQuality "1"]
[TimeControl "40/5400+30:1800+30"]

1. e4 e6 2. d4 d5 3. exd5 exd5 4. Nf3 Nf6 5. Bd3 c5 6. O-O c4 7. Re1+ Be7 8. Bf1 O-O 9. b3 cxb3 10. cxb3 Nc6 11. Bf4 Bg4 12. Be2 Rc8 13. Ne5 Bf5 14. Nxc6 Rxc6 15. Bd3 Bxd3 16. Qxd3 Bd6 17. Bxd6 Qxd6 18. Nd2 Rfc8 19. Re2 Rc3 20. Qb5 Qc6 21. Qxc6 R3xc6 22. f3 Rc2 23. Kf2 Rb2 24. Nf1 Rcc2 25. Ng3 Kf8 26. Ke3 Rxe2+ 1/2-1/2

[Event "DVM U14 2024"]
[Site "Heidelberg"]
[Date "2024.12.28"]
[Round "3"]
[White "Kaplan, Arne"]
[Black "Kalinski, Jan"]
[Result "1-0"]
[ECO "B87"]
[WhiteElo "1710"]
[BlackElo "1700"]
[Annotator "NA RC"]
[PlyCount "93"]
[EventDate "2024.12.23"]
[EventType "team-tourn"]
[EventRounds "7"]
[EventCountry "GER"]
[SourceTitle "playchess.com"]
[Source "ChessBase"]
[SourceQuality "1"]
[TimeControl "40/5400+30:1800+30"]

1. e4 c5 2. Nf3 d6 3. d4 cxd4 4. Nxd4 Nf6 5. Nc3 a6 6. Bc4 e6 7. Bb3 Be7 8. O-O O-O 9. Be3 b5 10. f3 Bb7 11. a3 Nbd7 12. Qe2 Nc5 13. Ba2 Rc8 14. Rad1 Qd7 15. b4 Na4 16. Nxa4 bxa4 17. c4 Rfd8 18. c5 d5 19. e5 Ne8 20. Rc1 f6 21. f4 Rc7 22. c6 Bxc6 23. Qxa6 Bb7 24. Qxe6+ Qxe6 25. Nxe6 Rxc1 26. Rxc1 Rd7 27. Nd4 fxe5 28. fxe5 Bd8 29. Bb1 Re7 30. Bg5 Rd7 31. Bxd8 Rxd8 32. Ne6 Rd7 33. Rf1 Rf7 34. Rxf7 Kxf7 35. Nd8+ Ke7 36. Nxb7 Ke6 37. Nc5+ Kxe5 38. Nxa4 Nc7 39. Nc5 Kd4 40. Bd3 Kc3 41. b5 Na8 42. Bxh7 Kd4 43. Nd7 Kc4 44. b6 Nxb6 45. Nxb6+ Kb3 46. Nxd5 Kxa3 47. g4 1-0

[Event "DVM U14 2024"]
[Site "Heidelberg"]
[Date "2024.12.28"]
[Round "3"]
[White "Bodriyenko, Daniel"]
[Black "Schucht, Adrian"]
[Result "1-0"]
[ECO "C78"]
[WhiteElo "1694"]
[BlackElo "1617"]
[Annotator "NA RC"]
[PlyCount "63"]
[EventDate "2024.12.23"]
[EventType "team-tourn"]
[EventRounds "7"]
[EventCountry "GER"]
[SourceTitle "playchess.com"]
[Source "ChessBase"]
[SourceQuality "1"]
[TimeControl "40/5400+30:1800+30"]

1. e4 e5 2. Nf3 Nc6 3. Bb5 a6 4. Ba4 Nf6 5. O-O b5 6. Bb3 Na5 7. c3 Nxb3 8. Qxb3 d6 9. d3 Be6 10. Qc2 Be7 11. h3 O-O 12. Be3 Rc8 13. Nbd2 c5 14. Rfe1 Qd7 15. Nf1 Rfd8 16. Ng3 Rc7 17. Qd2 Rdc8 18. Ng5 a5 19. Nxe6 fxe6 20. Rac1 b4 21. d4 exd4 22. cxd4 Qa4 23. b3 Qb5 24. dxc5 dxc5 25. Rc4 Nd7 26. Bf4 e5 27. Be3 Nb6 28. Rc2 c4 29. Bxb6 Qxb6 30. Rxc4 Rxc4 31. bxc4 Rxc4 32. Qd5+ 1-0

[Event "DVM U14 2024"]
[Site "Heidelberg"]
[Date "2024.12.28"]
[Round "3"]
[White "Glavev, Danail"]
[Black "Kovalyov, Dima"]
[Result "1/2-1/2"]
[ECO "B13"]
[WhiteElo "1690"]
[BlackElo "1829"]
[Annotator "NA RC"]
[PlyCount "96"]
[EventDate "2024.12.23"]
[EventType "team-tourn"]
[EventRounds "7"]
[EventCountry "GER"]
[SourceTitle "playchess.com"]
[Source "ChessBase"]
[SourceQuality "1"]
[TimeControl "40/5400+30:1800+30"]

1. e4 c6 2. d4 d5 3. exd5 cxd5 4. Nf3 Nf6 5. Bd3 Nc6 6. c3 Bg4 7. O-O e6 8. Bg5 Be7 9. Nbd2 O-O 10. Qb3 Qc7 11. Rac1 Rac8 12. Qc2 h6 13. Be3 a6 14. h3 Bxf3 15. Nxf3 b5 16. Qd2 Ne4 17. Qc2 f5 18. Nd2 f4 19. Nxe4 dxe4 20. Bxe4 fxe3 21. fxe3 Bg5 22. Rfe1 Ne7 23. Rcd1 Nd5 24. Bxd5 exd5 25. e4 dxe4 26. Qxe4 Kh8 27. d5 Qc5+ 28. Kh1 Rcd8 29. Qe6 Rf6 30. Qe4 Rfd6 31. Qf5 Qc8 32. Qf3 Qd7 33. Re5 Rf6 34. Qd3 Qd6 35. Re2 Rdf8 36. Ree1 Bh4 37. Re4 Bg3 38. Re3 Bh4 39. Re4 Bg5 40. Ree1 Qd7 41. b3 Bh4 42. Re4 Rf4 43. c4 bxc4 44. bxc4 Rxe4 45. Qxe4 Be7 46. d6 Bf6 47. c5 Rc8 48. Qd5 Qc6 1/2-1/2

[Event "DVM U14 2024"]
[Site "Heidelberg"]
[Date "2024.12.28"]
[Round "3"]
[White "Bohatyrova, Mariia"]
[Black "Bemmann, Carlo"]
[Result "1/2-1/2"]
[ECO "A85"]
[WhiteElo "1682"]
[BlackElo "1757"]
[Annotator "NA RC"]
[PlyCount "106"]
[EventDate "2024.12.23"]
[EventType "team-tourn"]
[EventRounds "7"]
[EventCountry "GER"]
[SourceTitle "playchess.com"]
[Source "ChessBase"]
[SourceQuality "1"]
[TimeControl "40/5400+30:1800+30"]

1. d4 f5 2. c4 Nf6 3. Nc3 e6 4. Nf3 Bb4 5. Bf4 Bxc3+ 6. bxc3 d6 7. e3 b6 8. Be2 O-O 9. O-O Ne4 10. Qc2 c5 11. h3 Bb7 12. Rab1 Qe7 13. Bh2 Nc6 14. Nd2 Na5 15. Nb3 Nxb3 16. axb3 Rac8 17. f3 Nf6 18. Qb2 d5 19. Ra1 Ra8 20. Rfd1 Rfc8 21. Rac1 dxc4 22. bxc4 Nd7 23. Rd2 e5 24. Rcd1 exd4 25. exd4 Nf6 26. d5 Rd8 27. Kh1 Qd7 28. Bd3 g6 29. Bb1 Re8 30. Ba2 Ba6 31. Re2 Rxe2 32. Qxe2 Re8 33. Qd2 Kf7 34. Re1 Rxe1+ 35. Qxe1 Qe8 36. Qd2 Kg7 37. Bg3 Nd7 38. Qe1 Qxe1+ 39. Bxe1 Kf6 40. Bg3 g5 41. f4 h6 42. Kg1 gxf4 43. Bxf4 Ne5 44. Bxe5+ Kxe5 45. Kf2 Bb7 46. g3 b5 47. cxb5 Bxd5 48. c4 Be6 49. Ke3 Bc8 50. Bb1 Be6 51. Bd3 Bf7 52. Be2 Be6 53. Bd3 Bd7 1/2-1/2

[Event "DVM U14 2024"]
[Site "Heidelberg"]
[Date "2024.12.28"]
[Round "3"]
[White "Varazi, Maxime"]
[Black "Klein, Deniz"]
[Result "0-1"]
[ECO "B94"]
[WhiteElo "1673"]
[BlackElo "1852"]
[Annotator "NA RC"]
[PlyCount "132"]
[EventDate "2024.12.23"]
[EventType "team-tourn"]
[EventRounds "7"]
[EventCountry "GER"]
[SourceTitle "playchess.com"]
[Source "ChessBase"]
[SourceQuality "1"]
[TimeControl "40/5400+30:1800+30"]

1. e4 c5 2. Nf3 d6 3. d4 cxd4 4. Nxd4 Nf6 5. Nc3 a6 6. Bg5 Nbd7 7. f4 Qc7 8. Qf3 h6 9. Bh4 g5 10. fxg5 hxg5 11. Bxg5 Qc5 12. Be3 Ne5 13. Qe2 Nfg4 14. Nd5 Nxe3 15. Qxe3 Bh6 16. Qc3 Qxc3+ 17. bxc3 Kf8 18. Rb1 Ra7 19. Be2 Bg4 20. Rf1 Bxe2 21. Kxe2 Ke8 22. a4 e6 23. Nb6 Bf8 24. h3 Rh4 25. Kd1 Rxe4 26. Kc1 d5 27. Nf3 Nxf3 28. Rxf3 Re1+ 29. Kb2 Rxb1+ 30. Kxb1 a5 31. c4 Bc5 32. cxd5 Bxb6 33. dxe6 fxe6 34. g4 Bd4 35. c3 Bg7 36. g5 Ke7 37. h4 Ra8 38. h5 Rh8 39. g6 Bf6 40. Rh3 Bg7 41. Rf3 Rf8 42. Rh3 Bh6 43. Kc2 e5 44. Kd3 Rf4 45. Rg3 e4+ 46. Ke2 Kf8 47. c4 Rh4 48. Rb3 Rxh5 49. Rxb7 Rc5 50. Rb5 Rxc4 51. Rxa5 Rc2+ 52. Kd1 Ra2 53. Ra7 e3 54. Rf7+ Kg8 55. Re7 Rxa4 56. Ke2 Rg4 57. Re6 Kg7 58. Re7+ Kxg6 59. Re6+ Kh7 60. Re7+ Rg7 61. Re6 Rg2+ 62. Kf1 Rb2 63. Ke1 Kg7 64. Kf1 Bg5 65. Re5 Kf6 66. Rc5 e2+ 0-1

[Event "DVM U14 2024"]
[Site "Heidelberg"]
[Date "2024.12.28"]
[Round "3"]
[White "Bock, Leonas"]
[Black "Allen, Phillipp"]
[Result "0-1"]
[ECO "D00"]
[WhiteElo "1668"]
[BlackElo "1793"]
[Annotator "NA RC"]
[PlyCount "132"]
[EventDate "2024.12.23"]
[EventType "team-tourn"]
[EventRounds "7"]
[EventCountry "GER"]
[SourceTitle "playchess.com"]
[Source "ChessBase"]
[SourceQuality "1"]
[TimeControl "40/5400+30:1800+30"]

1. d4 Nf6 2. Nf3 g6 3. Nc3 d5 4. Bf4 Bg7 5. Qd2 O-O 6. Bh6 Ne4 7. Nxe4 dxe4 8. Bxg7 Kxg7 9. Ng5 Qd5 10. c4 Qf5 11. Qe3 Qa5+ 12. Qd2 Qxd2+ 13. Kxd2 Rd8 14. e3 f5 15. Be2 e5 16. Kc3 h6 17. Nh3 exd4+ 18. exd4 g5 19. Rad1 f4 20. Rhe1 Bf5 21. f3 e3 22. Bd3 Kf6 23. Be4 c6 24. Ng1 Nd7 25. Ne2 Nb6 26. g3 Bxe4 27. fxe4 f3 28. Rf1 g4 29. Nf4 Ke7 30. Rde1 e2 31. Rf2 Rd7 32. h3 Na4+ 33. Kb3 Rxd4 34. Nxe2 Nc5+ 35. Kc3 Rd3+ 36. Kc2 Re3 37. hxg4 Rxe2+ 38. Rexe2 fxe2 39. Rxe2 Rg8 40. Rh2 Rxg4 41. Rxh6 Rxe4 42. Kc3 Rg4 43. b3 Rxg3+ 44. Kb4 Ne6 45. Rh8 Rg5 46. Rh7+ Rg7 47. Rh5 Kd7 48. Ra5 c5+ 49. Ka3 a6 50. b4 Rg3+ 51. Ka4 Kc6 52. b5+ Kb6 53. bxa6 bxa6 54. a3 Nd4 55. Rxa6+ Kb7 56. Ra5 Rg5 57. Ra6 Nc6 58. Kb5 Na7+ 59. Ka5 Rg3 60. Ka4 Rxa3+ 61. Kxa3 Kxa6 62. Ka4 Nc6 63. Kb3 Ka5 64. Ka3 Nd4 65. Kb2 Kb4 66. Kc1 Kxc4 0-1

[Event "DVM U14 2024"]
[Site "Heidelberg"]
[Date "2024.12.28"]
[Round "3"]
[White "Sitnik, Arthur"]
[Black "Geschke, Jonathan"]
[Result "1/2-1/2"]
[ECO "C29"]
[WhiteElo "1668"]
[BlackElo "1698"]
[Annotator "NA RC"]
[PlyCount "128"]
[EventDate "2024.12.23"]
[EventType "team-tourn"]
[EventRounds "7"]
[EventCountry "GER"]
[SourceTitle "playchess.com"]
[Source "ChessBase"]
[SourceQuality "1"]
[TimeControl "40/5400+30:1800+30"]

1. e4 e5 2. Nc3 Nf6 3. f4 d5 4. fxe5 Nxe4 5. Qf3 Nxc3 6. bxc3 Be6 7. d4 c5 8. Rb1 b6 9. Bb5+ Nd7 10. Bc6 Rc8 11. Bb7 Rc7 12. Bxd5 Bxd5 13. Qxd5 cxd4 14. cxd4 Rxc2 15. Ne2 Qc8 16. O-O Qc4 17. Qa8+ Qc8 18. Qe4 Be7 19. e6 fxe6 20. Qxe6 Qc4 21. Qxc4 Rxc4 22. Bb2 Rc2 23. Nc3 Rf8 24. Rxf8+ Kxf8 25. Rf1+ Kg8 26. Rf2 Rxf2 27. Kxf2 Kf7 28. Kf3 Bf6 29. Nb5 a6 30. Nc7 a5 31. Nd5 Ke6 32. Nxf6 Nxf6 33. Ke2 Kd5 34. Kd3 Ng4 35. h3 Nf2+ 36. Ke2 Ne4 37. Kd3 b5 38. a3 Ng5 39. Bc3 a4 40. h4 Ne6 41. g3 h5 42. Ba1 g6 43. Bb2 Ng7 44. Kc3 Nf5 45. Kb4 Kc6 46. d5+ Kxd5 47. Kxb5 Nxg3 48. Kxa4 Kc6 49. Kb4 Nf5 50. Bf6 Kb6 51. Kc4 Ka5 52. Kb3 Kb5 53. a4+ Ka5 54. Bd8+ Ka6 55. Kb4 Kb7 56. Kb5 Ka7 57. a5 Kb7 58. a6+ Ka7 59. Bg5 Ka8 60. Kb6 Ng7 61. Kc6 Nf5 62. Kc5 Ka7 63. Kd5 Nxh4 64. Bxh4 Kxa6 1/2-1/2

[Event "DVM U14 2024"]
[Site "Heidelberg"]
[Date "2024.12.28"]
[Round "3"]
[White "Derhay, Davyd"]
[Black "Shevchenko, Igor"]
[Result "0-1"]
[ECO "B13"]
[WhiteElo "1665"]
[BlackElo "1788"]
[Annotator "NA RC"]
[PlyCount "68"]
[EventDate "2024.12.23"]
[EventType "team-tourn"]
[EventRounds "7"]
[EventCountry "GER"]
[SourceTitle "playchess.com"]
[Source "ChessBase"]
[SourceQuality "1"]
[TimeControl "40/5400+30:1800+30"]

1. e4 c6 2. d4 d5 3. exd5 cxd5 4. Bd3 Nc6 5. c3 Qc7 6. h3 g6 7. Ne2 Bf5 8. O-O Nf6 9. Bxf5 gxf5 10. Bf4 Qd7 11. Nd2 e6 12. Nf3 Bg7 13. Re1 O-O 14. Ng3 Rfc8 15. Ne5 Qe8 16. Bg5 Ne4 17. Nxe4 fxe4 18. Ng4 f5 19. Nh6+ Bxh6 20. Bxh6 Qg6 21. Qd2 Kf7 22. Rac1 Rg8 23. g3 Qh5 24. Kg2 Ne7 25. Qe3 Ng6 26. Kh2 e5 27. Rg1 f4 28. Bxf4 exf4 29. gxf4 Nh4 30. Rg3 Nf3+ 31. Kg2 Nh4+ 32. Kh2 Nf5 33. Rxg8 Rxg8 34. Qd2 Nh4 0-1